Map: Kairos Junction LE

Players

Ragnarokette

  • Race: Zerg Zerg
  • League: Diamond
  • Spawn Location: 11:00

Present - Winner!

  • Race: Protoss Protoss
  • League: Diamond
  • Spawn Location: 5:00

VOD

Have the link to the VOD?

Description

Please be very mean to me, my macro has been garbage lately and Im dying to the first random attack any opponent makes. Looking for stuff like when I should be starting gasses, the roach warren, should I have given up the third hatch or fought more aggressively over it etc

Time

  • Played on: Jan. 30, 2019, 2:15 p.m.
  • Length: 12:22
Show
View Real Time Build Order
Export as new Build Order

Ragnarokette Zerg 

Build Orders: Hatch First 

Get SALT Encoding   

  12  0:01  Drone  
  13  0:12  Overlord  
  13  0:17  Drone  
  14  0:30  Drone x2  
  16  0:50  Hatchery  
  16  0:53  Drone  
  16  0:57  Drone  
  16  1:01  Drone  
  18  1:11  Extractor  
  18  1:17  Spawning Pool  
  16  1:20  Drone  
  17  1:25  Drone  
  17  1:28  Drone  
  19  1:45  Drone  
  20  1:51  Drone  
  21  2:04  Queen x2  
  21  2:07  Zergling x4  
  27  2:12  Overlord  
  27  2:16  Metabolic Boost  
  27  2:24  Overlord  
  27  2:25  Drone  
  28  2:35  Drone x3  
  31  2:50  Hatchery  
  30  2:52  Drone  
  30  2:53  Drone  
  32  3:03  Overlord  
  32  3:04  Drone  
  33  3:16  Drone x6  
  33  3:17  Drone  
  40  3:21  Overlord  
  40  3:28  Drone x2  
  40  3:34  Drone x2  
  44  3:41  Overlord  
  44  3:47  Queen  
  46  3:51  Extractor  
  46  3:52  Roach Warren  
  46  3:55  Evolution Chamber, Lair  
  43  3:56  Evolution Chamber  
  43  4:00  Extractor, Drone x2  
  43  4:01  Drone  
  44  4:09  Overlord  
  44  4:10  Queen  
  46  4:21  Spore Crawler  
  46  4:22  Spore Crawler  
  44  4:32  Roach x4  
  44  4:33  Roach  
  44  4:35  Drone  
  55  4:39  Drone x3  
  58  4:54  Overlord  
  58  4:58  Zerg Missile Weapons Level 1  
  58  4:59  Roach  
  62  5:00  Roach x3  
  66  5:14  Drone x4  
  66  5:15  Drone x3  
  71  5:37  Hydralisk Den  
  71  5:38  Roach  
  71  5:39  Roach x6  
  71  5:41  Roach  
  79  5:54  Roach x2  
  82  6:07  Overlord x5  
  82  6:21  Hatchery  
  82  6:25  Muscular Augments  
  81  6:34  Hydralisk x3  
  81  6:36  Hydralisk  
  89  6:51  Overlord  
  89  6:52  Drone x5  
  94  7:13  Queen  
  96  7:18  Zerg Ground Armor Level 1  
  96  7:19  Hydralisk x5  
  96  7:22  Drone  
  107  7:30  Drone x2  
  107  7:31  Drone x3  
  107  7:36  Grooved Spines  
  112  7:42  Drone x6  
  118  7:46  Queen  
  120  8:06  Overseer  
  120  8:11  Drone  
  120  8:12  Drone x9  
  130  8:14  Extractor  
  130  8:16  Extractor  
  130  8:19  Pneumatized Carapace  
  128  8:30  Hydralisk  
  128  8:31  Overlord  
  128  8:32  Overlord x2  
  130  8:35  Hatchery  
  130  8:40  Spore Crawler  
  128  8:48  Roach, Overlord x2  
  130  8:51  Roach  
  130  8:52  Roach x8  
  148  8:57  Zerg Missile Weapons Level 2  
  148  9:23  Hydralisk x7  
  162  9:24  Overlord x2  
  162  9:39  Overlord  
  162  9:44  Extractor, Infestation Pit  
  160  9:48  Hydralisk x2  
  160  9:49  Hydralisk x9  
  182  9:55  Queen  
  184  10:01  Overlord x2  
  184  10:11  Overlord  
  184  10:20  Drone x14  
  198  10:24  Hydralisk  
  200  10:36  Extractor  
  200  10:37  Hive  
  200  10:38  Extractor  
  198  10:45  Spire  
  161  11:07  Overseer, Hydralisk  
  161  11:08  Roach, Zergling x2, Hydralisk x11  
  161  11:09  Roach x2  
  112  11:29  Roach x10  
  132  11:46  Drone x3  
  135  11:49  Hatchery  
  138  12:01  Roach x6  
Show
View Real Time Build Order
Export as new Build Order

Present Protoss - Winner!

Build Orders: 1 Gate Expand 

Get SALT Encoding   

  12  0:01  Probe  
  13  0:13  Probe  
  14  0:19  Pylon  
  14  0:25  Probe  
  15  0:35  Probe  
  15  0:38  Gateway  
  16  0:43  Probe  
  17  0:52  Probe  
  18  1:00  Assimilator  
  18  1:04  Probe  
  19  1:27  Cybernetics Core, Probe  
  20  1:39  Probe  
  21  1:40  Nexus  
  21  1:51  Probe  
  21  1:52  Pylon  
  22  2:03  Probe  
  23  2:10  Adept  
  25  2:23  Probe  
  25  2:24  Gateway  
  25  2:26  Warp Gate  
  26  2:35  Robotics Facility, Probe  
  27  2:46  Probe  
  27  2:47  Adept  
  27  2:50  Probe  
  30  2:54  Probe  
  30  2:58  Probe  
  32  3:00  Assimilator  
  32  3:02  Probe  
  33  3:08  Probe  
  33  3:11  Pylon  
  35  3:13  Probe  
  35  3:14  Adept  
  38  3:20  Probe  
  38  3:25  Probe  
  40  3:29  Probe  
  40  3:30  Immortal  
  40  3:33  Probe  
  45  3:37  Probe  
  45  3:41  Probe  
  46  3:45  Pylon  
  46  3:46  Probe  
  48  3:52  Probe  
  48  3:55  Pylon  
  50  3:59  Probe  
  51  4:03  Assimilator  
  51  4:04  Probe  
  51  4:09  Gateway  
  52  4:11  Probe  
  52  4:16  Immortal  
  57  4:17  Stalker  
  57  4:19  Probe  
  57  4:23  Probe  
  61  4:26  Assimilator  
  61  4:28  Adept  
  61  4:31  Probe  
  64  4:33  Probe  
  65  4:41  Stalker  
  65  4:43  Probe  
  68  4:48  Twilight Council  
  68  4:49  Probe  
  68  5:00  Pylon, Probe  
  69  5:07  Probe  
  70  5:18  Observer, Probe  
  70  5:19  Probe  
  73  5:22  Pylon  
  73  5:27  Nexus, Forge  
  73  5:28  Forge, Charge  
  73  5:29  Stalker x2  
  73  5:31  Probe  
  76  6:03  Probe x2  
  78  6:06  Immortal  
  78  6:07  Stalker x2  
  78  6:08  Protoss Ground Weapons Level 1, Protoss Ground Armor Level 1  
  86  6:14  Pylon  
  86  6:17  Pylon  
  86  6:21  Assimilator  
  86  6:22  Assimilator  
  86  6:24  Pylon  
  86  6:32  Probe x2  
  88  6:37  Probe, Photon Cannon  
  88  6:38  Shield Battery  
  88  6:42  Photon Cannon  
  88  6:44  Shield Battery, Probe x2  
  88  6:45  Probe  
  92  6:54  Templar Archives  
  92  6:55  Probe  
  92  6:56  Probe x2  
  95  7:01  Gateway  
  95  7:04  Gateway  
  95  7:05  Gateway, Probe  
  95  7:07  Gateway, Blink  
  95  7:08  Probe x2  
  96  7:11  Observer  
  96  7:13  Probe  
  99  7:16  Probe x2  
  99  7:21  Probe  
  102  7:24  Photon Cannon  
  102  7:25  Probe x2  
  102  7:27  Shield Battery  
  105  7:32  Stalker  
  105  7:33  Stalker, Probe  
  105  7:34  Psionic Storm  
  110  7:38  Probe x2  
  112  7:45  Probe  
  112  7:46  High Templar  
  112  7:50  Probe x2  
  117  7:52  Protoss Ground Weapons Level 2  
  117  7:56  High Templar  
  117  7:57  High Templar x2, Probe  
  124  8:02  Protoss Ground Armor Level 2, Probe  
  124  8:04  Archon  
  125  8:05  Archon  
  125  8:20  Nexus  
  125  8:27  Pylon x3  
  125  8:30  Pylon  
  125  8:33  Assimilator  
  125  8:35  Assimilator  
  125  8:39  Pylon x2  
  125  8:42  Gateway  
  125  8:45  Probe x3  
  125  8:46  Gateway  
  125  8:47  High Templar x4  
  125  8:48  High Templar x3  
  142  8:57  Probe x3  
  145  9:08  Gateway  
  145  9:09  Gateway, Probe x3  
  148  9:12  Gateway  
  148  9:14  Gateway  
  148  9:32  Zealot x2  
  148  9:33  Zealot x5  
  148  9:37  Shield Battery, Photon Cannon  
  162  9:39  Photon Cannon  
  162  9:41  Shield Battery  
  162  9:42  Photon Cannon  
  162  9:53  High Templar x3  
  162  9:54  High Templar x4  
  176  10:16  High Templar x3  
  176  10:19  Pylon x2  
  182  10:24  Zealot x3  
  188  10:28  Pylon  
  188  10:34  Nexus  
  188  10:40  Assimilator  
  188  10:45  Assimilator  
  188  10:49  Pylon  
  188  10:52  Pylon  
  150  11:16  Zealot x6  
  150  11:17  Zealot x4  
  150  11:18  Zealot x3  
  174  11:27  Photon Cannon x2  
  174  11:32  Photon Cannon  
  174  11:34  Photon Cannon  
  174  11:36  Shield Battery  
  174  11:38  Shield Battery  
  174  11:41  Shield Battery, Nexus  
  174  11:44  Pylon  
  174  11:46  Assimilator  
  174  11:52  Zealot x4  
  174  11:53  Zealot x4  
  190  11:57  Pylon  
  190  12:00  Assimilator  
Tags
 
Add a new tag
Caveats
  • Supply blocks, unpowered buildings, or Contaminate may cause inaccurate times.
  • Supply counts are checked every 10 seconds.